 Dungeon Crawl Stone Soup version 0.23.1-42-g8abd8fc (webtiles) character file.

Game seed: 7647154788559701674

4 redwoodhats the Skirmisher (level 1, -2/18 HPs)
             Began as a Formicid Abyssal Knight on Mar 26, 2019.
             Was an Initiate of Lugonu.
             Slain by a jackal (3 damage)
             ... on level 1 of the Dungeon on Mar 30, 2019.
             The game lasted 00:02:25 (125 turns).

redwoodhats the Skirmisher (Formicid Abyssal Knight) Turns: 125, Time: 00:02:26

Health: -2/18      AC:  3    Str: 16    XL:     1   Next: 66%
Magic:  2/2        EV: 11    Int: 11    God:    Lugonu [......]
Gold:   14         SH:  0    Dex: 10    Spells: 0/0 levels left

rFire    . . .     SeeInvis +   a - +1 falchion
rCold    . . .     Gourm    .   (no shield)
rNeg     . . .     Faith    .   b - +0 leather armour
rPois    .         Spirit   .   (helmet unavailable)
rElec    .         Reflect  .   (no cloak)
rCorr    .         Harm     .   (no gloves)
MR       .....                  (no boots)
Stlth    +.........             (no amulet)
HPRegen  0.06/turn              (no ring)
MPRegen  0.08/turn              (no ring)

@: no status effects
A: permanent stasis, dig shafts and tunnels, four strong arms, antennae 3
a: Dig, Shaft Self, Renounce Religion


You were on level 1 of the Dungeon.
You worshipped Lugonu.
Lugonu was noncommittal.
You were not hungry.

You visited 1 branch of the dungeon, and saw 1 of its levels.
You visited the Abyss 1 time.

You collected 14 gold pieces.

Inventory:

Hand Weapons
 a - a +1 falchion (weapon)
Armour
 b - a +0 leather armour (worn)
Jewellery
 e - a +4 ring of intelligence {unknown}
Potions
 d - a potion of resistance {unknown}
Comestibles
 c - a ration


   Skills:
 + Level 3.4 Fighting
 + Level 2.0 Long Blades
 + Level 2.3 Armour
 + Level 1.0 Dodging
 + Level 2.2 Invocations


You couldn't memorise any spells.
You didn't know any spells.
Your spell library was empty.

Dungeon Overview and Level Annotations

Branches:
Dungeon (1/15)

Altars:


Innate Abilities, Weirdness & Mutations

You cannot be hasted, slowed, berserked, paralysed or teleported.
You can dig through walls and to a lower floor.
Your four strong arms can wield two-handed weapons with a shield.
You have a pair of large antennae on your head. (SInv)


Message History

The giant cockroach is severely wounded.
The bat misses you. The bat hits you.
* * * LOW HITPOINT WARNING * * *
The jackal barely misses you.
You riposte.
You miss the jackal. The giant cockroach bites you.
* * * LOW HITPOINT WARNING * * *
The jackal barely misses you. The jackal closely misses you.
You miss the jackal.
The jackal is heavily wounded.
The bat barely misses you. The jackal closely misses you.
You riposte.
You slash the jackal!
You kill the jackal!
Lugonu accepts your kill. The giant cockroach misses you.
The bat hits you but does no damage. The jackal closely misses you.
You riposte.
You barely miss the jackal.
The giant cockroach bites you but does no damage.
You closely miss the giant cockroach.
The giant cockroach is heavily wounded.
The bat hits you but does no damage. The jackal bites you.
You die...

..........#...#.#
......)...#...#.#
.#####.##....>#.#
..###..###..###.# #
#.##..## #......# .#
#.##.## ##.##..###.#
.....## #.###.#...#
......# #.#....h#
.......# #.#...@b#
.......# ..#...)s#
...........##......#
.......####
#........ .......#
.......(...#
.........
###....######
.......## #....#
...... ######


You could see a jackal, a giant cockroach and a bat.

Vanquished Creatures
  A hobgoblin (D:1)
  A jackal (D:1)
  2 kobolds (D:1)
4 creatures vanquished.

Notes
Turn   | Place    | Note
-------+----------+-------------------------------------------
     0 | Abyss:1  | redwoodhats the Formicid Abyssal Knight began the quest for
                  | the Orb.
     0 | Abyss:1  | Reached XP level 1. HP: 18/18 MP: 2/2
     2 | Abyss:1  | Upgraded the game from 0.23.1-37-gaa34b87 to
                  | 0.23.1-42-g8abd8fc
    27 | Abyss:1  | Noticed a sun demon
    30 | D:1      | Escaped the Abyss
    55 | D:1      | Reached skill level 1 in Dodging
   125 | D:1      | Slain by a jackal

Skill      XL: |  1 |
---------------+----+-----
Dodging        | 1 |  1.0
Fighting       | |  3.4
Long Blades    | |  2.0
Armour         | |  2.3
Invocations    | |  2.2

Action                   || total
-------------------------++-------
Melee: Falchion          ||    17
Invok: Depart the Abyss  ||     1
 Abil: Dig               ||     1
Armor: Leather armour    ||    15
Dodge: Dodged            ||    36
       Rpst.: Falchion   ||    10
